 Dungeon Crawl Stone Soup version 0.29.1-2-gbd0b4ee654 (webtiles) character file.

Game seed: 4533472329794260956

117 xian the Gusty (level 4, -6/31 HPs)
             Began as a Demonspawn Air Elementalist on Nov 2, 2022.
             Killed by nerve-wracking pain
             ... invoked by Grinder
              (13 damage)
             ... while paralysed by Grinder
             ... on level 4 of the Dungeon.
             The game lasted 00:06:53 (3593 turns).

xian the Gusty (Demonspawn Air Elementalist)        Turns: 3593, Time: 00:06:53

Health: -6/31      AC:  4    Str:  4    XL:     4   Next: 71%
Magic:  6/8        EV:  2    Int: 20    God:
Gold:   150        SH:  0    Dex: 13    Spells: 2/8 levels left

rFire   + + .      SeeInvis .   k - +7 mace "Jugrinod" {vorpal, rF+ rC+ Str-5}
rCold   + . .      Faith    .   (no shield)
rNeg    . . .      Spirit   .   a - +0 robe
rPois   .          Reflect  .   q - +0 helmet
rElec   .          Harm     .   (no cloak)
rCorr   .          Rampage  .   u - +0 pair of gloves
Will    .....                   (no boots)
Stlth   ++........              (no amulet)
HPRegen 0.10/turn               j - ring of protection from fire
MPRegen 0.11/turn               (no ring)

@: paralysed, swift, quick
A: powered by pain 1, big brain 1
a: no special abilities


You were on level 4 of the Dungeon.
You visited 1 branch of the dungeon, and saw 4 of its levels.

You collected 150 gold pieces.

Inventory:

Hand Weapons
 d - a +0 dagger
 k - the +7 mace "Jugrinod" (weapon) {vorpal, rF+ rC+ Str-5}
   (You found it on level 2 of the Dungeon)

   It inflicts extra damage upon your enemies.
   Str:       It affects your strength (-5).
   rF:        It protects you from fire.
   rC:        It protects you from cold.
Armour
 a - a +0 robe (worn)
 q - a +0 helmet (worn)
 u - a +0 pair of gloves (worn)
Jewellery
 j - a ring of protection from fire (left hand)
 s - a +4 ring of evasion
Scrolls
 c - a scroll of poison {unknown}
 e - 2 scrolls of vulnerability {unknown}
 h - a scroll of summoning
 i - a scroll of immolation
 m - a scroll of teleportation
 n - a scroll of magic mapping {unknown}
 p - a scroll of fog
 v - a scroll of fear {unknown}
Potions
 b - a potion of magic
 f - a potion of brilliance {unknown}
 g - a potion of flight {unknown}
 l - 3 potions of curing {unknown}
 o - a potion of mutation {unknown}
 r - a potion of heal wounds {unknown}
 t - a potion of ambrosia {unknown}


   Skills:
 + Level 0.4 Fighting
 + Level 0.6 Short Blades
 + Level 2.1 Dodging
 + Level 2.1 Stealth
 + Level 2.8 Spellcasting
 + Level 2.2 Conjurations
 + Level 3.5 Air Magic


You had 2 spell levels left.
You knew the following spells:

 Your Spells              Type           Power      Damage    Failure   Level
a - Shock                 Conj/Air       56%        1d6       4%          1
b - Static Discharge      Conj/Air       14%        3-5/arc   7%          2
c - Swiftness             Air            16%        N/A       11%         3

Your spell library contained the following spells:

 Spells                   Type           Power      Damage    Failure   Level
 Magic Dart               Conj           44%        1d5       6%          1
 Searing Ray              Conj           22%        2d5       9%          2
 Necrotise                Necr           8%         1d4       14%         1
 Dazzling Flash           Conj/Hex       14%        N/A       28%         3
 Airstrike                Air            8%         2d(2-18)  34%         4
 Vampiric Draining        Necr           2%         2d6       41%         3
 Fulminant Prism          Conj/Hex       3%         3d6       67%         4
 Silence                  Hex/Air        4%         N/A       89%         5
 Agony                    Necr           2%         N/A       99%         5


Dungeon Overview and Level Annotations

Branches:
Dungeon (4/15)
 Temple: D:4-7

Altars:

Annotations:
D:4 Grinder


Innate Abilities, Weirdness & Mutations

You sometimes gain a little power by taking damage.
You have an unusually large brain. (Int +2)


Message History

You are no longer corroded.
HP restored.
v - a scroll labelled NIS XEF DEYMIE You open the gate.
There is an open gate here.
There is a shaft here.
e - 2 scrolls labelled HOARRETIRCH (gained 1)
There is an open gate here.
There is an open gate here.
You open the door.
Grinder comes into view.
Grinder shouts!
There is an open door here.
Casting: Static Discharge (safe; 7% risk of failure)
Confirm with . or Enter, or press ? or * to list all spells.
The spell is quite dangerous to miscast (11% risk of failure)!
Continue anyway?
You feel quick.
You sock Grinder!
Grinder is moderately wounded.
Grinder hits you!
You writhe in agony.
You closely miss Grinder.
Grinder is moderately wounded.
Grinder hits you but does no damage.
Unknown command.
You thump Grinder!
Grinder is heavily wounded.
Grinder hits you.
You writhe in agony.
Grinder completely misses you.
Unknown command.
You hit Grinder.
Grinder is heavily wounded.
Grinder gestures at you.
You suddenly lose the ability to move!
Grinder hits you!
* * * LOW HITPOINT WARNING * * *
You writhe in agony.
* * * LOW HITPOINT WARNING * * *
Grinder says, "I used to sell toenails on the black market."
Grinder gestures at you. Pain shoots through your body!
You die...

#... ###... #+#
#+#..... ##.##
#......# ##...##
#....###
.....##+####.####
...##.......#
#5##..####.##
#@##.## #.####
#....# #....#
###### ###'''###
##.......##
##..♣...♣..#
##..♣.♣.♣.♣..
##..♣...♣...♣.
##..♣.♣.♣.♣.♣.♣
##..♣...♣.⌠.♣...


You could see Grinder.

Vanquished Creatures
  A jelly (D:4)
  3 adders
  A dart slug (D:2)
  An orc (D:3)
  7 ball pythons
  8 endoplasms
  3 giant cockroaches
  4 goblins
  A hobgoblin (D:3)
  8 jackals
  2 quokkas (D:2)
  3 bats
  7 kobolds
  A rat (D:2)
50 creatures vanquished.

Vanquished Creatures (others)
  A withered plant (D:1)
1 creature vanquished.

Grand Total: 51 creatures vanquished

Notes
Turn   | Place    | Note
-------+----------+-------------------------------------------
     0 | D:1      | xian the Demonspawn Air Elementalist began the quest for
                  | the Orb.
     0 | D:1      | Reached XP level 1. HP: 13/13 MP: 3/3
   335 | D:1      | Reached skill level 3 in Air Magic
   341 | D:1      | Gained mutation: You sometimes gain a little power by
                  | taking damage. [demonic ancestry]
   341 | D:1      | Reached XP level 2. HP: 18/19 MP: 0/5
   415 | D:1      | You fall into a shaft and drop 1 floor!
  1309 | D:2      | Reached XP level 3. HP: 15/24 MP: 1/6
  1312 | D:2      | Learned a level 2 spell: Static Discharge
  2314 | D:2      | Identified the +7 mace "Jugrinod" {vorpal, rF+ rC+ Str-5}
  2435 | D:3      | Gained mutation: You have an unusually large brain. (Int
                  | +2) [demonic ancestry]
  2435 | D:3      | Reached XP level 4. HP: 30/30 MP: 0/7
  2439 | D:3      | Learned a level 3 spell: Swiftness
  3586 | D:4      | Noticed Grinder
  3591 | D:4      | Paralysed by Grinder for 4 turns
  3593 | D:4      | Killed from afar by Grinder

Illustrated notes

Levels and vault maps discovered:
D:1:      spicycebolla_arrival_clurvy, layout_loops_ring,
          shapermc_ecumenical_altar_ellora
D:2:      layout_basic, chequers_garden, minmay_tromino_v2
D:3:      layout_loops_ring, kennysheep_decorative_pillar
D:4:      layout_layer_cave, minmay_temple_entry_junction,
          ebering_ghost_disaster_area, nicolae_hexahallways,
          grunt_decor_one_mirror, kennysheep_cluttered_room, uniq_grinder

Skill      XL: |  1  2  3  4 |
---------------+-------------+-----
Air Magic      | 3 |  3.5
Dodging        | 2 |  2.1
Stealth        | 2 |  2.1
Conjurations   | 2 |  2.2
Fighting       | |  0.4
Short Blades   | |  0.6
Spellcasting   | |  2.8

Action                   |  1- 3 |  4- 6 || total
-------------------------+-------+-------++-------
Melee: Dagger            |    35 |       ||    35
       Punch             |     1 |       ||     1
       Mace              |     2 |     4 ||     6
 Cast: Shock             |    75 |    27 ||   102
       Swiftness         |       |     1 ||     1
       Static Discharge  |       |     1 ||     1
  Use: Scroll            |       |     4 ||     4
Armor: Robe              |     6 |     2 ||     8
Dodge: Dodged            |    37 |     1 ||    38
